 Dungeon Sprint DCSS version 0.18-a0-750-g37044d6 (webtiles) character file.

0 kosy22 the Ducker (level 2, -5/29 HPs)
             Began as a Troll Fighter on Dec 11, 2015.
             Was a Follower of Pakellas.
             Splashed by a jelly's acid (7 damage)
             ... in the Dungeon (Sprint VI: "Thunderdome").
             The game lasted 00:00:36 (80 turns).

kosy22 the Ducker (Troll Fighter)                     Turns: 80, Time: 00:00:36

Health: -5/29      AC:  1    Str: 23    XL:     2   Next: 6%
Magic:  1/1        EV:  8    Int:  4    God:    Pakellas [*.....]
Gold:   200        SH:  8    Dex:  9    Spells: 0 memorised, 1 level left

rFire  . . .     SeeInvis .       - Unarmed
rCold  . . .     Clarity  .     a - +0 robe
rNeg   . . .     SustAt   .     b - +0 shield
rPois  .         Gourm    +     (helmet restricted)
rElec  .         Spirit   .     (no cloak)
rCorr  .         Dismiss  .     (gloves unavailable)
rMut   .         NoTele   +     (boots unavailable)
MR     .....                    (no amulet)
Stlth  +.........               (no ring)
                                (no ring)

@: corroded equipment, not resistant to hostile enchantments, very unstealthy
A: unfitting armour, claws 3, fast metabolism 3, gourmand, regeneration 2,
shaggy fur 1, tough skin 2
a: Quick Charge, Renounce Religion


You were in the Dungeon.
You worshipped Pakellas.
Pakellas was aware of your devotion.
You were not hungry.

You visited 1 branch You collected 200 gold pieces.

Inventory:

Armour
 a - a +0 robe (worn)
 b - a +0 shield (worn)
Wands
 l - a wand of cold (5)
 m - a wand of fire (5)
Scrolls
 j - 4 scrolls of blinking
 n - 3 scrolls of fog
Potions
 c - a potion of might
 e - a potion of curing
 f - 4 potions of heal wounds
 g - 4 potions of haste
 h - 2 potions of magic
 i - a potion of berserk rage
 k - a potion of resistance
Comestibles
 d - 2 bread rations


   Skills:
 + Level 2.9 Fighting
 + Level 3.4 Dodging
 + Level 2.8 Shields
 + Level 2.2 Unarmed Combat


You had one spell level left.
You didn't know any spells.

Dungeon Overview and Level Annotations

Branches:
Dungeon (1/1)

Altars:
Cheibriados
Dithmenos
Fedhas
Gozag
Kikubaaqudgha
Makhleb
Okawaru
Pakellas
Qazlal
Ru
Sif Muna
Trog
Vehumet
Xom
Yredelemnul
Zin
The Shining One
Jiyva
Lugonu

Shops:
D *[%??*?*:[((!!!!


Innate Abilities, Weirdness & Mutations

You are too large for most types of armour.
You have claws for hands.
Your metabolism is lightning-fast.
You like to eat raw meat.
You heal very quickly.
You are covered in fur (AC +1).
You have very tough skin (AC +2).


Message History

You claw the jelly!
Your claws burn!
The jelly is severely wounded. 50...
You block the jelly's attack.
You barely miss the jelly.
The jelly is severely wounded.
The jelly barely misses you. You block the ooze's attack.
Your shield prevents you from hitting the jelly.
The jelly is severely wounded.
The jelly hits you but does no damage. The ooze hits you but does no damage.
You scratch the jelly but do no damage. The acid corrodes you!
Your claws burn!
The jelly is severely wounded.
The jelly hits you.
You are splashed with acid!
The acid burns!
The ooze hits you. The jelly hits you.
You are splashed with acid!
The acid burns!
* * * LOW HITPOINT WARNING * * *
The jelly hits you.
* * * LOW HITPOINT WARNING * * *
You are splashed with acid!
The acid burns!
You die...

##.....## ##∩.....∩##
#∩.......∩# #_......._#
#_......._# #_......._#
###..JJ.....###
#§..J@J......⌠#
######.8.........8.######
##∩.__......###......_._∩##
#∩........8.# #.8........∩#
............###............
.........###...###.........
.........# #.<.# #.........
.........###...###.........
............###............


You could see 3 jellies and an ooze.

Vanquished Creatures
  2 oozes (D)
2 creatures vanquished.

Notes
Turn   | Place    | Note
--------------------------------------------------------------
     0 | D        | kosy22 the Troll Fighter began the quest for the Orb.
     0 | D        | Reached XP level 1. HP: 22/22 MP: 0/0
     4 | D        | Found an opulent altar of Gozag.
     4 | D        | Found a shadowy altar of Dithmenos.
     5 | D        | Found an ancient bone altar of Kikubaaqudgha.
     5 | D        | Round 1.
     6 | D        | Found a corrupted altar of Lugonu.
     6 | D        | Found a snail-covered altar of Cheibriados.
     7 | D        | Found a shimmering altar of Xom.
     7 | D        | Found a bloodstained altar of Trog.
     7 | D        | Found Enuet's Staff Store.
     7 | D        | Found Locvad's Magic Scroll Shop.
     8 | D        | Found a radiant altar of Vehumet.
     9 | D        | Found Weosaode's Must-Have Magic.
     9 | D        | Found Tyth's Magic Scroll Shop.
    10 | D        | Found Hisetargh's Distillery.
    12 | D        | Found an iron altar of Okawaru.
    12 | D        | Found Oguedak's Do-It-Yourself Clinic.
    13 | D        | Found Jahof's Distillery.
    13 | D        | Found Abaufob's Bottled Wisdom.
    16 | D        | Found an oddly glowing altar of Pakellas.
    17 | D        | Found a glowing golden altar of the Shining One.
    18 | D        | Found a deep blue altar of Sif Muna.
    19 | D        | Found Kamar's Weapon Rack.
    20 | D        | Found Isyecwa's Basic Armour.
    20 | D        | Found Ilajikod's Miscellaneous Merchandise.
    24 | D        | Became a worshipper of Pakellas the Inventive
    35 | D        | Found a glowing silver altar of Zin.
    35 | D        | Found Mucufoqa's Premium Goods.
    35 | D        | Found a sacrificial altar of Ru.
    35 | D        | Found a basalt altar of Yredelemnul.
    42 | D        | Found a burning altar of Makhleb.
    46 | D        | Reached skill level 3 in Dodging
    47 | D        | Found a stormy altar of Qazlal.
    56 | D        | Found Yronlet's Identification Station.
    58 | D        | Found Xikhonux's Advanced Armour.
    58 | D        | Found Patz's Jewellery.
    59 | D        | Found a viscous altar of Jiyva.
    59 | D        | Found a blossoming altar of Fedhas.
    59 | D        | Found Zuph's Bee Food.
    70 | D        | Noticed a jelly
    71 | D        | Reached * piety under Pakellas
    71 | D        | Reached XP level 2. HP: 27/29 MP: 1/1
    80 | D        | Splashed by a jelly's acid

Vault maps used:
D:        arena_sprint

Action                   || total
-------------------------++-------
Melee: Unarmed           ||    11
